 Dungeon Crawl Stone Soup version 0.17.1-3-g152610e (webtiles) character file.

17246 kutaczsisior the Blocker (level 12, -3/95 HPs)
             Began as a Demonspawn Fighter on Mar 21, 2016.
             Was a High Priest of Okawaru.
             Slain by a trapdoor spider (12 damage)
             ... on level 6 of the Lair of Beasts.
             The game lasted 01:32:28 (14881 turns).

kutaczsisior the Blocker (Demonspawn Fighter)      Turns: 14881, Time: 01:32:29

Health: -3/95      AC:  4    Str: 24    XL:     12   Next: 17%
Magic:  13/13      EV: 16    Int: 10    God:    Okawaru [*****.]
Gold:   900        SH: 12    Dex: 17    Spells: 0 memorised, 11 levels left

rFire  . . .     SeeInvis .     U - +4 demon blade (flame)
rCold  . . .     Clarity  .     (no armour)
rNeg   . . .     SustAt   .     c - +0 shield
rPois  .         Gourm    .     s - +0 helmet
rElec  .         Spirit   .     X - +1 cloak {+Inv}
rCorr  .         Warding  .     (gloves unavailable)
rMut   .         Stasis   .     R - +0 pair of boots
MR     +....                    (no amulet)
Stlth  ++++......               H - +3 ring of strength
                                D - +1 ring of slaying

@: somewhat resistant to hostile enchantments, stealthy
A: claws 3, thin skeletal structure 2, demonic guardian 2, foul stench 1, magic
resistance 1, spit poison 1, rot immunity
a: Spit Poison, Heroism, Finesse, Renounce Religion, Evoke Invisibility


You were on level 6 of the Lair of Beasts.
You worshipped Okawaru.
Okawaru was extremely pleased with you.
You were not hungry.

You visited 4 branches of the dungeon, and saw 19 of its levels.
You also visited: Ossuary and Ice Cave.

You collected 900 gold pieces.

Inventory:

Hand Weapons
 M - the +2 scimitar "Doc Cegi" {drain, *Contam rC+ rN+ Dex+4}
   (Okawaru gifted it to you on level 4 of the Lair of Beasts)

   A truly terrible weapon, it drains the life of those it strikes.
   It affects your dexterity (+4).
   It protects you from cold.
   It protects you from negative energy.
   It causes magical contamination when unequipped.
 U - a +4 demon blade of flaming (weapon)
 W - the +8 rapier of Okawaru's Hope {flame, +Inv Int+3 Dex+4}
   (Okawaru gifted it to you on level 3 of the Lair of Beasts)

   It has been specially enchanted to burn those struck by it, causing extra
   injury to most foes and up to half again as much damage against particularly
   susceptible opponents.
   It affects your intelligence (+3).
   It affects your dexterity (+4).
   It lets you turn invisible.
Missiles
 j - 3 throwing nets
 t - 12 tomahawks (quivered)
 E - 3 javelins of returning
Armour
 c - a +0 shield (worn)
 s - a +0 helmet (worn)
 R - a +0 pair of boots (worn)
 X - a +1 cloak of invisibility (worn)
 Y - a +1 pair of gloves
Magical Staves
 Z - an uncursed staff of summoning {unknown}
Jewellery
 x - an uncursed ring of wizardry
 A - an uncursed ring of poison resistance
 D - a +1 ring of slaying (left claw)
 H - a +3 ring of strength (right claw)
Wands
 a - a wand of digging (14)
 p - a wand of flame (18)
 B - a wand of frost (25)
 C - a wand of teleportation (5)
 F - a wand of random effects (26)
 I - a wand of enslavement (14)
 N - a wand of confusion (18)
 O - a wand of fire (7)
 P - a wand of fire (9)
 Q - a wand of cold (7)
 T - a wand of heal wounds (3)
 V - a wand of flame (12)
Scrolls
 f - 3 scrolls of identify
 h - 2 scrolls of enchant weapon
 k - 2 scrolls of amnesia
 n - 5 scrolls of remove curse
 w - 3 scrolls of recharging
 y - 5 scrolls of teleportation
 z - a scroll of immolation
 G - 4 scrolls of fog
 K - a scroll of fear {unknown}
Potions
 d - 4 potions of might
 i - a potion of curing
 m - 4 potions of brilliance
 u - a potion of heal wounds
 J - a potion of agility
 S - a potion of flight
Books
 b - a book of Geomancy

   Spells                             Type                      Level
   a - Sandblast                      Earth                        1
   b - Stoneskin                      Transmutation/Earth          2
   c - Passwall                       Transmutation/Earth          3
   d - Stone Arrow                    Conjuration/Earth            3
   e - Petrify                        Transmutation/Earth          4
   f - Lee's Rapid Deconstruction     Earth                        5
 q - a book of Envenomations

   Spells                             Type                      Level
   a - Spider Form                    Transmutation/Poison         3
   b - Alistair's Intoxication        Transmutation/Poison         4
   c - Olgreb's Toxic Radiance        Poison                       4
   d - Poisonous Cloud                Conjuration/Poison/Air       6
 L - a book of Beasts

   Spells                             Type                      Level
   a - Summon Butterflies             Summoning                    1
   b - Call Canine Familiar           Summoning                    3
   c - Summon Ice Beast               Ice/Summoning                4
   d - Summon Mana Viper              Hexes/Summoning              5
   e - Summon Hydra                   Summoning                    7
Miscellaneous
 g - a box of beasts
Comestibles
 e - 7 bread rations
 l - 2 fruits
 o - 2 slices of pizza
 r - 6 beef jerkies


   Skills:
 + Level 9.0 Fighting
 + Level 8.7 Long Blades
 + Level 1.2 Throwing
 + Level 7.2 Armour
 + Level 7.6 Dodging
 + Level 4.1 Stealth
 + Level 9.8 Shields
 + Level 0.8 Unarmed Combat
 + Level 1.8 Invocations


You had 11 spell levels left.
You didn't know any spells.

Dungeon Overview and Level Annotations

Branches:
Dungeon (11/15)            Temple (1/1) D:5            Lair (6/8) D:10
 Spider (1/4) Lair:6
  Swamp: Lair:3-6    Shoals: Lair:3-6     Slime: Lair:6-8       Orc: D:9-12

Altars:
Cheibriados
Dithmenos
Elyvilon
Kikubaaqudgha
Okawaru
Sif Muna
Trog
Yredelemnul
Zin
The Shining One

Annotations:
D:5 Prince Ribbit
D:10 pupkin's ghost, novice OgBe


Innate Abilities, Weirdness & Mutations

You have claws for hands.
You have a moderately thin skeletal structure (Dex +4, Stealth+).
A demonic guardian rushes to your aid.
You may emit foul miasma when damaged in melee.
You are immune to rotting.
You are resistant to hostile enchantments.
You can spit weak poison.


Message History

You barely miss the redback.
The redback is severely wounded.
You feel very sick. You block the redback's attack.
You block the trapdoor spider's attack. The trapdoor spider bites you!
You are more poisoned.
The trapdoor spider poisons you! You block the redback's attack.
You barely miss the trapdoor spider.
You feel very sick. The redback bites you! The trapdoor spider bites you.
* * * LOW HITPOINT WARNING * * *
You are more poisoned.
The trapdoor spider poisons you!
Drink which item? (? for menu, Esc to quit)
You feel better. The redback bites you!
* * * LOW HITPOINT WARNING * * *
The trapdoor spider bites you!
* * * LOW HITPOINT WARNING * * *
The trapdoor spider bites you!
You die...

.## ... #... # ####..
#.P.. .. ###.... ..P..
#..#. #.##..... ##....##
...#.
#...^..###......###..P.
#....#^..........#...P
#.#...s^^^.......#......
#......^@s.......#.......
#P....#^.^.......##....#.
#P....##.^.......##...<.#
..... ##^#..............
..... ###..............
P... #....#.P#......


PPP. #..............P ##.P.#..#......# #####.......... You could see a trapdoor
spider and a redback.

Vanquished Creatures
  2 hydras
  2 death yaks (Lair:4)
  Maurice (D:8)
  Joseph (D:9)
  3 spiny frogs
  2 komodo dragons (Lair:2)
  A polar bear (Lair:5)
  2 blink frogs (Lair:4)
  A trapdoor spider (Lair:6)
  A basilisk (Lair:3)
  A vampire mosquito (D:10)
  13 yaks
  6 hippogriffs
  A hungry ghost (D:11)
  3 wolves
  6 water moccasins
  3 black bears
  8 porcupines
  A phantom (D:4)
  4 ogres
  2 ice beasts
  A sky beast (D:10)
  4 centaurs
  A big kobold (D:7)
  6 crocodiles
  7 giant frogs
  6 scorpions
  A killer bee (D:9)
  3 wights (D:8)
  4 crimson imps
  An iron imp (D:8)
  2 orc priests
  2 jellies
  Crazy Yiuf (D:5)
  6 hounds
  6 iguanas
  4 centaur zombies
  A gnoll shaman (D:6)
  An orc wizard (D:4)
  4 worker ants
  A hound zombie (D:5)
  2 mummies (Ossuary)
  Robin (D:2)
  7 adders
  4 gnolls (D:6)
  37 river rats
  17 white imps
  A shadow imp (D:6)
  5 ufetubi (IceCv)
  3 adder skeletons
  2 adder zombies
  2 worms
  20 orcs
  9 bats
  7 giant cockroaches
  11 goblins
  7 hobgoblins
  3 quokkas
  4 giant geckos
  7 giant newts
  A goblin zombie (Ossuary)
  10 hobgoblin zombies (Ossuary)
  11 jackals
  2 jackal zombies (Ossuary)
  8 kobolds
  10 kobold zombies (Ossuary)
  4 orc zombies (Ossuary)
  A quokka zombie (D:9)
  10 rats
  A rat zombie (Ossuary)
  A fungus (Lair:2)
334 creatures vanquished.

Vanquished Creatures (collateral kills)
  A hydra (Lair:1)
  A death yak (Lair:4)
  An unseen horror (D:10)
  Pikel (D:5)
  The ghost of chimenez the Chopper, a novice NaFi of Cheibriados (Ossuary)
  2 komodo dragons
  A troll (D:9)
  A two-headed ogre (D:8)
  3 blink frogs (Lair:4)
  A trapdoor spider (Lair:6)
  8 wolves
  2 basilisks (Lair:4)
  A vampire mosquito (D:10)
  A water moccasin (Lair:1)
  Duvessa (D:5)
  2 porcupines
  2 slaves (D:5)
  Dowan (D:5)
  A wight (D:8)
  2 crimson imps (D:5)
  An orc priest (D:3)
  2 iguanas
  An orc wizard (D:3)
  A hound skeleton (D:10)
  An adder zombie (Ossuary)
  An adder skeleton (D:7)
  A worm (D:5)
  An orc (D:7)
  A kobold zombie (Ossuary)
  3 orc zombies (Ossuary)
  A rat (D:5)
  A plant (Lair:1)
49 creatures vanquished.

Vanquished Creatures (others)
  2 slaves (D:5)
  2 white imps (IceCv)
  3 ufetubi (IceCv)
  An adder zombie (D:5)
  2 fungi (Lair:1)
10 creatures vanquished.

Grand Total: 393 creatures vanquished

Notes
Turn   | Place    | Note
--------------------------------------------------------------
     0 | D:1      | kutaczsisior the Demonspawn Fighter began the quest for the Orb.
     0 | D:1      | Reached XP level 1. HP: 18/18 MP: 1/1
   220 | D:1      | Gained mutation: A weak demonic guardian rushes to your aid. [demonic ancestry]
   220 | D:1      | Reached XP level 2. HP: 24/24 MP: 2/2
   608 | D:2      | Gained mutation: You have sharp fingernails. [demonic ancestry]
   608 | D:2      | Reached XP level 3. HP: 29/29 MP: 3/3
   665 | D:2      | Found an iron altar of Okawaru.
   670 | D:2      | Noticed Robin
   676 | D:2      | Reached skill level 1 in Dodging
   713 | D:2      | Killed Robin
   813 | D:2      | Became a worshipper of Warmaster Okawaru
  1067 | D:2      | Found a shadowy altar of Dithmenos.
  1204 | D:2      | Gained mutation: You have a somewhat thin skeletal structure (Dex +2, Stealth). [demonic ancestry]
  1204 | D:2      | Reached XP level 4. HP: 13/35 MP: 4/4
  1551 | D:2      | Found a glowing golden altar of the Shining One.
  2194 | D:3      | Found a basalt altar of Yredelemnul.
  2386 | D:3      | Found a glowing silver altar of Zin.
  2456 | D:3      | Gained mutation: A demonic guardian rushes to your aid. [demonic ancestry]
  2456 | D:3      | Reached XP level 5. HP: 18/42 MP: 5/5
  2722 | D:4      | Noticed an ogre
  2803 | D:3      | You fall through a shaft for 2 floors!
  2803 | D:5      | Entered Level 5 of the Dungeon
  2821 | D:5      | Reached skill level 4 in Fighting
  2964 | D:5      | Noticed a slave
  2965 | D:5      | Noticed a slave
  2968 | D:5      | Killed a slave
  2970 | D:5      | Noticed Pikel
  2971 | D:5      | Noticed a slave
  2971 | D:5      | Killed a slave
  2972 | D:5      | Noticed a slave
  2983 | D:5      | Killed Pikel
  2983 | D:5      | Reached * piety under Okawaru
  2983 | D:5      | Reached ** piety under Okawaru
  2983 | D:5      | Reached *** piety under Okawaru
  2983 | D:5      | Gained mutation: You are immune to rotting. [demonic ancestry]
  2983 | D:5      | Reached XP level 6. HP: 27/49 MP: 6/6
  2983 | D:5      | Gained mutation: You may emit foul miasma when damaged in melee. [demonic ancestry]
  2983 | D:5      | Reached XP level 7. HP: 30/55 MP: 7/7
  3036 | D:5      | Noticed a moth of wrath
  3040 | D:5      | Found a bloodstained altar of Trog.
  3156 | D:5      | Found a snail-covered altar of Cheibriados.
  3176 | D:5      | Noticed Duvessa
  3176 | D:5      | Noticed Dowan
  3181 | D:5      | Killed Duvessa
  3192 | D:5      | Found a sand-covered staircase.
  3193 | D:5      | Killed a freed slave
  3199 | D:5      | Killed Dowan
  3221 | Ossuary  | Entered an ossuary
  3273 | Ossuary  | Noticed chimenez's ghost (novice NaFi)
  3285 | Ossuary  | Killed chimenez's ghost
  3347 | Ossuary  | Reached skill level 5 in Shields
  3367 | Ossuary  | Reached skill level 1 in Invocations
  3375 | Ossuary  | Received a gift from Okawaru
  3526 | D:5      | Reached skill level 5 in Fighting
  3572 | D:5      | Killed a freed slave
  3728 | D:5      | Found a staircase to the Ecumenical Temple.
  3745 | Temple   | Entered the Ecumenical Temple
  3791 | D:5      | Noticed Prince Ribbit
  3880 | D:5      | Noticed a centaur
  3891 | D:5      | Killed a centaur
  3891 | D:5      | Reached XP level 8. HP: 55/62 MP: 8/8
  3950 | D:5      | Noticed Crazy Yiuf
  3956 | D:5      | Killed Crazy Yiuf
  4076 | D:4      | Noticed an ogre
  4083 | D:4      | Killed an ogre
  4311 | D:4      | Noticed a phantom
  4810 | D:4      | Killed a phantom
  4971 | D:6      | Reached **** piety under Okawaru
  5457 | D:6      | Reached skill level 5 in Long Blades
  5474 | D:7      | Reached skill level 5 in Armour
  5509 | D:7      | Found a white marble altar of Elyvilon.
  5557 | D:7      | Reached skill level 6 in Shields
  6104 | D:7      | Reached XP level 9. HP: 58/69 MP: 8/10
  6132 | D:7      | Found a deep blue altar of Sif Muna.
  6314 | D:8      | Noticed Maurice
  6325 | D:8      | Killed Maurice
  6325 | D:8      | Reached ***** piety under Okawaru
  6341 | D:8      | Found a snail-covered altar of Cheibriados.
  6398 | D:8      | Reached skill level 1 in Stealth
  6580 | D:8      | Received a gift from Okawaru
  6608 | D:8      | Reached skill level 7 in Shields
  7256 | D:9      | Noticed Joseph
  7272 | D:9      | Killed Joseph
  8047 | D:9      | Gained mutation: You have very sharp fingernails. [demonic ancestry]
  8047 | D:9      | Reached XP level 10. HP: 59/77 MP: 11/11
  8072 | D:10     | Entered Level 10 of the Dungeon
  8072 | D:10     | Found a staircase to the Lair.
  8136 | D:10     | Noticed pupkin's ghost (novice OgBe)
  8136 | D:10     | Killed an unseen horror
  8521 | D:10     | Reached skill level 8 in Shields
  8825 | D:10     | Noticed a four-headed hydra
  9258 | Lair:1   | Entered Level 1 of the Lair of Beasts
  9292 | Lair:1   | Reached skill level 5 in Dodging
  9540 | Lair:1   | Found a frozen archway.
  9600 | IceCv    | Entered an ice cave
 11045 | Lair:1   | Noticed an eight-headed hydra
 11105 | Lair:1   | Killed an 11-headed hydra
 11110 | Lair:1   | Received a gift from Okawaru
 11811 | Lair:2   | Gained mutation: You have a moderately thin skeletal structure (Dex +4, Stealth+). [demonic ancestry]
 11811 | Lair:2   | Reached XP level 11. HP: 69/85 MP: 12/12
 12454 | Lair:3   | Reached skill level 9 in Shields
 12669 | Lair:3   | Received a gift from Okawaru
 12694 | Lair:3   | Got an ichor-stained rapier {god gift}
 12695 | Lair:3   | Identified the +8 rapier of Okawaru's Hope {flame, +Inv Int+3 Dex+4} (Okawaru gifted it to you on level 3 of the Lair of Beasts)
 13039 | Lair:4   | Noticed a death yak
 13040 | Lair:4   | Noticed a death yak
 13041 | Lair:4   | Noticed a death yak
 13049 | Lair:4   | Killed a death yak
 13054 | Lair:4   | Killed a death yak
 13059 | Lair:4   | Killed a death yak
 13340 | Lair:4   | Gained mutation: You can spit weak poison. [potion of mutation]
 13340 | Lair:4   | Gained mutation: You have claws for hands. [potion of mutation]
 13340 | Lair:4   | Gained mutation: You are resistant to hostile enchantments. [potion of mutation]
 13438 | Lair:4   | Noticed an eight-headed hydra
 13447 | Lair:4   | Killed a five-headed hydra
 13447 | Lair:4   | Received a gift from Okawaru
 13447 | Lair:4   | Reached skill level 1 in Throwing
 13448 | Lair:4   | Got an ebony scimitar {god gift}
 13453 | Lair:4   | Identified the +2 scimitar "Doc Cegi" {drain, *Contam rC+ rN+ Dex+4} (Okawaru gifted it to you on level 4 of the Lair of Beasts)
 14025 | Lair:5   | Received a gift from Okawaru
 14149 | Lair:5   | Reached XP level 12. HP: 49/94 MP: 13/13
 14447 | Lair:5   | Noticed a five-headed hydra
 14456 | Lair:5   | Killed a three-headed hydra
 14731 | Lair:6   | Found a hole to the Spider Nest.
 14859 | Spider:1 | Entered Level 1 of the Spider Nest
 14864 | Spider:1 | Noticed an entropy weaver
 14881 | Lair:6   | Slain by a trapdoor spider

Action                   |  1- 3 |  4- 6 |  7- 9 | 10-12 || total
-------------------------+-------+-------+-------+-------++-------
Melee: Long sword        |   192 |    96 |   565 |   267 ||  1120
       Unarmed           |       |       |    35 |       ||    35
       Demon blade       |       |       |       |   329 ||   329
Throw: Tomahawk          |       |       |       |    14 ||    14
Invok: Heroism           |       |       |     3 |     2 ||     5
 Abil: Spit Poison       |       |       |       |     2 ||     2
Evoke: Wand              |       |       |       |     1 ||     1
  Use: Potion            |     1 |     1 |    11 |     6 ||    19
       Scroll            |       |     1 |    12 |    19 ||    32
 Stab: Sleeping          |       |       |       |     9 ||     9
  Eat: Bread ration      |     1 |       |       |     2 ||     3
       Meat ration       |       |     1 |     3 |     1 ||     5
       Chunk             |       |       |     3 |    11 ||    14
       Pizza             |       |       |     1 |       ||     1
       Fruit             |       |       |       |     1 ||     1
